 Dungeon Crawl Stone Soup version 0.22.1-6-g1668fe2c40 (webtiles) character file.

112 Ishchenko the Insei (level 5, 0/41 HPs)
             Began as a Human Monk on Jan 23, 2019.
             Slain by an orc
             ... wielding a +0 hand axe
              (6 damage)
             ... on level 3 of the Dungeon.
             The game lasted 00:07:05 (2265 turns).

Ishchenko the Insei (Human Monk)                    Turns: 2265, Time: 00:07:06

Health: 0/41       AC:  3    Str: 12    XL:     5   Next: 16%
Magic:  5/5        EV: 13    Int: 11    God:
Gold:   126        SH:  0    Dex: 15    Spells: 4/4 levels left

rFire    . . .     SeeInvis .     - Unarmed
rCold    . . .     Gourm    .   (no shield)
rNeg     . . .     Faith    .   i - +0 leather armour (curse)
rPois    .         Spirit   .   (no helmet)
rElec    .         Reflect  .   (no cloak)
rCorr    .         Harm     .   (no gloves)
MR       .....                  (no boots)
Stlth    ++........             (no amulet)
HPRegen  0.13/turn              (no ring)
MPRegen  0.09/turn              (no ring)

@: lethally poisoned (0 -> -1)
A: no striking features
a: no special abilities


You were on level 3 of the Dungeon.
You were hungry.

You visited 1 branch of the dungeon, and saw 3 of its levels.

You collected 126 gold pieces.

Inventory:

Armour
 i - a cursed +0 leather armour (worn)
Jewellery
 c - an uncursed amulet of rage {unknown}
Scrolls
 a - a scroll of identify
 g - 2 scrolls of magic mapping
Potions
 d - a potion of brilliance
 e - a potion of cancellation
 f - 2 potions of magic
Comestibles
 b - 7 rations


   Skills:
 + Level 3.2 Fighting
 + Level 1.0 Armour
 + Level 3.5 Dodging
 + Level 2.5 Stealth
 + Level 4.4 Unarmed Combat


You had 4 spell levels left.
You didn't know any spells.
Your spell library was empty.

Dungeon Overview and Level Annotations

Branches:
Dungeon (3/15)

Altars:
Cheibriados
Vehumet
The Shining One


Message History

The adder is severely wounded.
The adder barely misses you. The orc barely misses you.
The adder closely misses you.
You hit the adder but do no damage.
The adder is severely wounded.
The orc barely misses you. The adder barely misses you.
You miss the adder.
The adder is severely wounded.
The orc closely misses you. The adder bites you but does no damage.
You closely miss the adder.
The adder is severely wounded.
You feel sick. The adder bites you.
* * * LOW HITPOINT WARNING * * *
The orc misses you.
You hit the adder.
The adder is severely wounded.
The adder bites you.
* * * LOW HITPOINT WARNING * * *
The orc hits you with a hand axe.
You die...

###### ..........#
#..... ..........
#.. ..........
###.
##........####
#... #............
#..#. #..>.......#
#. ## #......So..#
### #.......@..#
###..
#..........####
#....
#.....)......#
...##.
####...<..###....
#.. #. ........###
#.... ..###.
####.....###......
#.#...
#..............
#...#. .
#....#.###.....#
#.... .#####
#......#
.......###....


You could see an adder and an orc.

Vanquished Creatures
  3 adders (D:3)
  An ooze (D:1)
  A worm (D:3)
  A dart slug (D:3)
  2 leopard geckos
  An orc (D:3)
  A ball python (D:1)
  9 bats
  4 giant cockroaches
  7 goblins
  11 hobgoblins
  2 jackals (D:1)
  11 kobolds
  A frilled lizard (D:3)
  12 rats
67 creatures vanquished.

Vanquished Creatures (others)
  A rat (D:3)
1 creature vanquished.

Grand Total: 68 creatures vanquished

Notes
Turn   | Place    | Note
-------+----------+-------------------------------------------
     0 | D:1      | Ishchenko the Human Monk began the quest for the Orb.
     0 | D:1      | Reached XP level 1. HP: 18/18 MP: 1/1
   157 | D:1      | Reached XP level 2. HP: 15/24 MP: 2/2
   643 | D:1      | Reached XP level 3. HP: 28/29 MP: 3/3
  1067 | D:2      | Found a glowing golden altar of the Shining One.
  1282 | D:2      | Reached skill level 4 in Unarmed Combat
  1337 | D:2      | Reached XP level 4. HP: 29/35 MP: 4/4
  1476 | D:2      | Found a snail-covered altar of Cheibriados.
  1888 | D:3      | Found a radiant altar of Vehumet.
  2122 | D:3      | Reached XP level 5. HP: 34/41 MP: 5/5
  2178 | D:3      | Reached skill level 1 in Armour
  2265 | D:3      | Slain by an orc

Skill      XL: |  1  2  3  4  5 |
---------------+----------------+-----
Unarmed Combat | 4 |  4.4
Armour         | 1 |  1.0
Fighting       | |  3.2
Dodging        | |  3.5
Stealth        | |  2.5

Action                   |  1- 3 |  4- 6 || total
-------------------------+-------+-------++-------
Melee: Unarmed           |   153 |   123 ||   276
       Punch             |     1 |     1 ||     2
  Use: Scroll            |     3 |     7 ||    10
       Potion            |       |     2 ||     2
 Stab: Sleeping          |     7 |       ||     7
  Eat: Chunk             |     1 |     3 ||     4
Armor: Robe              |    18 |       ||    18
       Leather armour    |     8 |    21 ||    29
Dodge: Dodged            |   103 |    93 ||   196
